 Dungeon Crawl Stone Soup version 0.26.0-20-g3ca415f5b8 (webtiles) character file.

Game seed: 14011342433202027362

48 Drachen the Ducker (level 3, 28/28 HPs)
             Began as a Demonspawn Gladiator on Jan 22, 2021.
             Quit the game on level 2 of the Dungeon on Jan 24, 2021.
             The game lasted 00:04:08 (1965 turns).

Drachen the Ducker (Demonspawn Gladiator)           Turns: 1965, Time: 00:04:08

Health: 28/28      AC: 12    Str: 14    XL:     3   Next: 50%
Magic:  3/3        EV:  4    Int:  9    God:
Gold:   35         SH:  5    Dex: 15    Spells: 2/2 levels left

rFire    . . .     SeeInvis .   a - +0 long sword
rCold    . . .     Faith    .   (no shield)
rNeg     . . .     Spirit   +   r - +0 plate armour (curse)
rPois    .         Reflect  +   c - +0 helmet
rElec    .         Harm     .   (no cloak)
rCorr    .         Rampage  .   (no gloves)
Will     .....                  (no boots)
Stlth    ..........             j - amulet of reflection
HPRegen  0.09/turn              (no ring)
MPRegen  0.08/turn              (no ring)

@: no status effects
A: rugged brown scales 1, magic shield
a: no special abilities


You were on level 2 of the Dungeon.
You visited 1 branch of the dungeon, and saw 2 of its levels.

You collected 35 gold pieces.

Inventory:

Hand Weapons
 a - a +0 long sword (weapon)
Missiles
 d - 3 throwing nets (quivered)
 q - 19 poisoned darts
Armour
 b - a +0 leather armour
 c - a +0 helmet (worn)
 r - a cursed +0 plate armour (worn)
Jewellery
 j - an amulet of reflection (around neck)
Wands
 p - a wand of digging (5)
Scrolls
 e - 2 scrolls of noise {unknown}
 f - 2 scrolls of identify {unknown}
 g - 2 scrolls of immolation {unknown}
 i - a scroll of random uselessness {unknown}
 k - a scroll of enchant armour {unknown}
 m - a scroll of fog {unknown}
 o - 2 scrolls of remove curse {unknown}
Potions
 h - a potion of curing
 l - a potion of lignification {unknown}
 n - a potion of heal wounds {unknown}


   Skills:
 + Level 2.4 Fighting
 + Level 3.0 Long Blades
 + Level 2.3 Throwing
 + Level 1.0 Armour
 + Level 3.0 Dodging


You had 2 spell levels left.
You didn't know any spells.
Your spell library was empty.

Dungeon Overview and Level Annotations

Branches:
Dungeon (2/15)

Altars:
Okawaru


Innate Abilities, Weirdness & Mutations

You are partially covered in rugged brown scales. (AC +1, +3% HP)
When hurt, damage is shared between your health and your magic reserves.


Message History

You hit the goblin.
You kill the goblin!
Your Armour skill increases to level 1!
No target in view!
No target in view!
o - 2 scrolls labelled TOGICLYMEI (gained 1)
You see here 19 poisoned darts.
q - 19 poisoned darts You see here a glowing plate armour.
r - a glowing plate armour You start removing your armour.
You continue taking off your +0 leather armour. x4
You finish taking off your +0 leather armour.
You start putting on your armour.
You continue putting on your glowing plate armour. x5
You finish putting on your cursed +0 plate armour.
Oops, that feels deathly cold.
Welcome back, Drachen the Demonspawn Gladiator.
Press ? for a list of commands and other information.
Are you sure you want to abandon this character and quit the game? (Confirm with "yes".)

...#.#####. ....#.... . #
...#..# .# #. #....###.# .
#.##........#.# #.
#.#......#..#.#. ..
#.####.......#_#.....
..###........##...#....##
...........#.##.@........
.............##.#.#..###.#
#.<.......).#.........##.##
#..........(#..........#...
#.....................#...
#.................#...#
#...................### #
#.#.###...............####...
........<####...............#


There were no monsters in sight!

Vanquished Creatures
  An adder (D:1)
  A worm (D:1)
  A leopard gecko (D:1)
  7 bats
  A giant cockroach (D:1)
  3 goblins
  6 hobgoblins
  2 jackals (D:2)
  2 ball pythons (D:1)
  A frilled lizard (D:1)
  3 kobolds
  6 rats (D:1)
34 creatures vanquished.

Notes
Turn   | Place    | Note
-------+----------+-------------------------------------------
     0 | D:1      | Drachen the Demonspawn Gladiator began the quest for the
                  | Orb.
     0 | D:1      | Reached XP level 1. HP: 16/16 MP: 1/1
   104 | D:1      | Gained mutation: You are partially covered in rugged brown
                  | scales. (AC +1, +3% HP) [demonic ancestry]
   104 | D:1      | Reached XP level 2. HP: 16/22 MP: 2/2
   964 | D:2      | Gained mutation: When hurt, damage is shared between your
                  | health and your magic reserves. [demonic ancestry]
   964 | D:2      | Reached XP level 3. HP: 17/28 MP: 3/3
   967 | D:2      | Found an iron altar of Okawaru.
  1939 | D:2      | Reached skill level 1 in Armour
  1965 | D:2      | Upgraded the game from 0.26.0-18-gc5c842f807 to
                  | 0.26.0-20-g3ca415f5b8
  1965 | D:2      | Quit the game

Illustrated notes

Levels and vault maps discovered:
D:1:      dpeg_arrival_ratfight, layout_basic
D:2:      layout_rooms, okawaru_metal_pillars_1_2,
          nicolae_overflow_hidden_temple, grunt_dithmenos_smoke, uniq_natasha,
          uniq_jessica

Skill      XL: |  1  2  3 |
---------------+----------+-----
Throwing       | 2 |  2.3
Long Blades    | 3 |  3.0
Dodging        | 3 |  3.0
Armour         | 1 |  1.0
Fighting       | |  2.4

Action                   || total
-------------------------++-------
Melee: Long sword        ||   103
Throw: Throwing net      ||     3
  Use: Potion            ||     1
 Stab: Sleeping          ||     1
       Distracted        ||     1
Armor: Leather armour    ||    28
Dodge: Dodged            ||    72
Block: Other             ||    39
       Reflection        ||     1
       Rpst.: Long sword ||    20
